 Dungeon Crawl Stone Soup version 0.28-a0-1594-ga885d4b3d6 (webtiles) character file.

Game seed: 15098487160445317414

61 fragbeetle the Slasher (level 3, -1/31 HPs)
             Began as a Palentonga Abyssal Knight on Jan 20, 2022.
             Was a Believer of Lugonu.
             Slain by an orc (6 damage)
             ... on level 3 of the Dungeon.
             The game lasted 00:03:20 (1862 turns).

fragbeetle the Slasher (Palentonga Abyssal Knight)  Turns: 1862, Time: 00:03:21

Health: -1/31      AC:  5    Str: 18    XL:     3   Next: 83%
Magic:  5/5        EV:  8    Int: 16    God:    Lugonu [**....]
Gold:   90         SH:  0    Dex: 10    Spells: 2/2 levels left

rFire   . . .      SeeInvis +   a - +1 falchion
rCold   . . .      Faith    .   (no shield)
rNeg    . . .      Spirit   .   f - +0 ring mail
rPois   .          Reflect  .   (no helmet)
rElec   .          Harm     .   (no cloak)
rCorr   .          Rampage  .   (no gloves)
Will    .....                   (no barding)
Stlth   ..........              (no amulet)
HPRegen 0.10/turn               n - +6 ring of intelligence
MPRegen 0.09/turn               (no ring)

@: no status effects
A: large, rugged brown scales 3, see invisible, deformed body, roll 1, armoured
tail
a: Rolling Charge, Renounce Religion, Depart the Abyss, Bend Space


You were on level 3 of the Dungeon.
You worshipped Lugonu.
Lugonu was pleased with you.
You visited 1 branch of the dungeon, and saw 3 of its levels.
You visited the Abyss 1 time.

You collected 90 gold pieces.

Inventory:

Hand Weapons
 a - a +1 falchion (weapon)
 d - a +2 spear of flaming
Missiles
 e - 20 stones
 h - 22 arrows
Armour
 f - a +0 ring mail (worn)
Magical Staves
 g - a staff of fire
Jewellery
 n - a +6 ring of intelligence (left hand)
Scrolls
 b - 2 scrolls of vulnerability {unknown}
 c - a scroll of enchant weapon {unknown}
 i - a scroll of magic mapping {unknown}
 j - 2 scrolls of identify {unknown}
 k - a scroll of silence {unknown}
 m - a scroll of holy word {unknown}
Potions
 l - a potion of flight {unknown}


   Skills:
 - Level 3.0 Fighting
 * Level 3.6 Long Blades
 - Level 1.5 Armour
 - Level 0.7 Dodging
 + Level 3.0 Invocations


You had 2 spell levels left.
You didn't know any spells.
Your spell library contained the following spells:

 Spells                   Type           Power      Damage    Failure   Level
 Beastly Appendage        Tmut           0%         N/A       41%         1
 Wereblood                Tmut           0%         N/A       56%         2
 Ignite Poison            Fire/Tmut/Pois 0%         N/A       80%         3
 Mephitic Cloud           Conj/Pois/Air  0%         N/A       80%         3
 Spider Form              Tmut/Pois      0%         N/A       80%         3
 Freezing Cloud           Conj/Ice/Air   0%         6-21      100%        5


Dungeon Overview and Level Annotations

Branches:
Dungeon (3/15)

Altars:
Fedhas


Innate Abilities, Weirdness & Mutations

You are completely covered in rugged brown scales. (AC +3, +7% HP)
You have supernaturally acute eyesight. (SInv)
Armour fits poorly on your strangely shaped body.
You can roll at nearby foes to attack.
You have a long armoured tail.


Message History

An orc comes into view. It is wielding a +0 war axe.
The orc hits you with a +0 club.
You hit the orc.
The orc is almost dead.
An orc comes into view. It is wielding a +0 mace.
The orc shouts!
You hit the endoplasm.
Your tail-slap misses the endoplasm.
The endoplasm is heavily wounded.
A hobgoblin comes into view.
The endoplasm barely misses you.
The orc throws a boomerang.
The boomerang closely misses you. The orc hits you with a +0 club.
You closely miss the orc.
The orc is almost dead.
The hobgoblin shouts!
The endoplasm barely misses you. The orc hits you but does no damage.
You hit the orc.
You kill the orc!
Lugonu accepts your kill. The endoplasm barely misses you.
You hit the endoplasm.
You kill the endoplasm!
Lugonu accepts your kill.
You hit the orc.
The orc is heavily wounded.
The orc hits you with a +0 mace.
You slash the orc!
You kill the orc!
Lugonu accepts your kill. The orc hits you with a +0 war axe.
The hobgoblin hits you.
Your Invocations skill increases to level 3!
You hit the hobgoblin.
You kill the hobgoblin!
Lugonu accepts your kill. The orc hits you with a +0 war axe!
You hit the orc.
The orc is moderately wounded.
The orc hits you with a +0 war axe.
* * * LOW HITPOINT WARNING * * *
The orc hits you with a +0 war axe.
You die...

##........ ##
####..)......
..#####............
#..................
##..................
#........>.......#
######................#
........#.......††....#
................@†)...#
†....####......o)†....#
.......##...........###
######.##..............
#............####.......
..######.##### .........
........................
........................
....########.#.


You could see an orc.

Vanquished Creatures
  A worm (D:3)
  2 orcs (D:3)
  3 ball pythons
  5 bats
  5 endoplasms
  2 giant cockroaches
  4 goblins
  7 hobgoblins
  4 kobolds
  7 quokkas
  A frilled lizard (D:2)
  5 rats
46 creatures vanquished.

Notes
Turn   | Place    | Note
-------+----------+-------------------------------------------
     0 | Abyss:1  | fragbeetle the Palentonga Abyssal Knight began the quest
                  | for the Orb.
     0 | Abyss:1  | Reached XP level 1. HP: 19/19 MP: 2/2
    14 | D:1      | Escaped the Abyss
   159 | D:1      | Reached XP level 2. HP: 25/25 MP: 3/3
   372 | D:1      | Found a faded altar of an unknown god.
   397 | D:1      | You fall into a shaft and drop 1 floor!
   476 | D:1      | Reached ** piety under Lugonu
   477 | D:1      | Reached XP level 3. HP: 28/31 MP: 4/4
  1093 | D:2      | Found a blossoming altar of Fedhas.
  1862 | D:3      | Slain by an orc

Illustrated notes

Levels and vault maps discovered:
D:1:      dpeg_arrival_tiny_k, layout_basic, ebering_ecumenical_altar_abandoned,
          nrook_uturn
D:2:      layout_basic, basic_altar, st_stairs_7, corner_web_ring
D:3:      layout_rooms, gammafunk_ghost_nasty_kobolds, hex_intersection,
          kennysheep_orc_chapel, uniq_terence

Skill      XL: |  1  2  3 |
---------------+----------+-----
Long Blades    | 3 |  3.6
Invocations    | 3 |  3.0
Fighting       | |  3.0
Armour         | |  1.5
Dodging        | |  0.7

Action                   || total
-------------------------++-------
Melee: Falchion          ||   104
       Tailslap          ||    10
       Punch             ||     2
Armor: Leather armour    ||    34
       Ring mail         ||    16
Dodge: Dodged            ||    34

Table legend: (Time is in decaauts)
 A = Elapsed time spent in this place.
 B = Non-inter-level travel time spent in this place.
 C = Inter-level travel time spent in this place.
 D = Time resting spent in this place.
 E = Time spent auto-exploring this place.
 F = Levels seen in this place.
 G = Mean time per level.
                   A        B        C        D        E       F      G
               +--------+--------+--------+--------+--------+-----+--------+
         Total |   1876 |   1779 |     97 |      0 |   1346 |   4 |  469.0 |
       Dungeon |   1862 |   1765 |     97 |      0 |   1346 |   3 |  620.7 |
         Abyss |     14 |     14 |      0 |      0 |      0 |   1 |   14.0 |
               +--------+--------+--------+--------+--------+-----+--------+

Top non-repeatable levels by time:
     D:1: 1078 daAuts
     D:2: 731 daAuts
     D:3: 53 daAuts
 Abyss:1: 14 daAuts
